 Dungeon Crawl Stone Soup version 0.31-a0-986-g5e6e4ef867 (webtiles) character file.

Game seed: 2031953457009213962

1306 mattiecakes the Cleaver (level 8, 0/48 HPs)
             Began as a Gargoyle Fighter on Nov 9, 2023.
             Was an Initiate of the Shining One.
             Slain by a troll (10 damage)
             ... on level 5 of the Dungeon.
             The game lasted 00:12:53 (4045 turns).

mattiecakes the Cleaver (Gargoyle Fighter)          Turns: 4045, Time: 00:12:54

Health: 0/48       AC: 15    Str: 23    XL:     8   Next: 57%
Magic:  8/8        EV:  8    Int:  5    God:    the Shining One [......]
Gold:   54         SH:  4    Dex:  9    Spells: 7/7 levels left

rFire   . . .        q - +5 hammer of the Solstice {freeze, rC+ rN+ Int-3 SInv}
rCold   + . .        c - +0 buckler
rNeg    + + .        k - +0 chain mail
rPois   ∞            (no helmet)
rElec   +            (no cloak)
rCorr   .            (no gloves)
SInv    +            (no boots)
Will    .....        m - amulet of the acrobat Stlth
                     (no ring)
HPRegen 0.28/turn    (no ring)
MPRegen 0.11/turn

%: acrobat
@: glowing
A: sickness immunity, AC +5, negative energy resistance 1, electricity
resistance, torment resistance 1, petrification resistance
a: Renounce Religion


You were on level 5 of the Dungeon.
You worshipped the Shining One.
The Shining One was noncommittal.
You visited 2 branches of the dungeon, and saw 6 of its levels.

You collected 164 gold pieces.
You spent 110 gold pieces at shops.

Inventory:

Hand Weapons
 a - a +1 war axe
 g - a +1 flail of protection
 q - the +5 hammer of the Solstice (weapon) {freeze, rC+ rN+ Int-3 SInv}
   (You found it on level 4 of the Dungeon)

   Int-3:     It affects your intelligence (-3).
   rC+:       It protects you from cold.
   rN+:       It protects you from negative energy.
   SInv:      It lets you see invisible.
Armour
 c - a +0 buckler (worn)
 k - a +0 chain mail (worn)
Jewellery
 m - an amulet of the acrobat (around neck)
 s - a ring of resist corrosion
Wands
 h - a wand of mindburst (1)
 l - a wand of paralysis (9)
 n - a wand of iceblast (12)
 p - a wand of flame (11)
Scrolls
 b - a scroll of fog {unknown}
 d - a scroll of teleportation
 e - 3 scrolls of revelation
 f - 2 scrolls of vulnerability
 j - a scroll of identify
 o - a scroll of enchant armour
Potions
 i - a potion of brilliance {unknown}
 r - a potion of mutation {unknown}


   Skills:
 + Level 4.5 Fighting
 - Level 8.2 Axes
 + Level 0.2(5.5) Maces & Flails
 + Level 4.5 Armour
 + Level 4.5 Shields
 + Level 1.0 Invocations


You had 7 spell levels left.
You didn't know any spells.
Your spell library contained the following spells:

 Spells                   Type           Power      Damage    Failure   Level
 Summon Small Mammal      Summ           0%         N/A       98%         1
 Ensorcelled Hibernation  Hex/Ice        0%         N/A       99%         2
 Jinxbite                 Hex            0%         N/A       99%         2
 Passwall                 Tmut/Erth      0%         N/A       99%         2
 Call Canine Familiar     Summ           0%         N/A       100%        3
 Summon Guardian Golem    Hex/Summ       0%         N/A       100%        3
 Swiftness                Air            0%         N/A       100%        3
 Anguish                  Hex/Necr       0%         N/A       100%        4


Dungeon Overview and Level Annotations

Branches:
Dungeon (5/15)             Temple (1/1) D:5

Altars:
Ashenzari
Cheibriados
Dithmenos
Elyvilon
Fedhas
Gozag
Hepliaklqana
Kikubaaqudgha
Makhleb
Nemelex Xobeh
Okawaru
Qazlal
Ru
Sif Muna
Trog
Uskayaw
Vehumet
Wu Jian
Xom
Yredelemnul
Zin
The Shining One

Shops:
D:5 !*


Innate Abilities, Weirdness & Mutations

You are immune to sickness and miasma.
Your stone body is resilient. (AC +5)
You are immune to poison.
You resist negative energy. (rN+)
You are resistant to electric shocks. (rElec)
You are resistant to unholy torment.
You are immune to petrification.


Message History

You block the ufetubus's attack. The ufetubus hits you.
You block the ufetubus's attack.
The ufetubus hits you but does no damage.
You sock the ufetubus! You freeze the ufetubus.
You kill the ufetubus!
The Shining One accepts your kill.
You hit the troll. You freeze the troll.
The troll is lightly wounded.
The troll bites you! The troll claws you but does no damage.
The troll claws you!
You are too injured to fight recklessly!
You are too injured to fight recklessly!
You are too injured to fight recklessly!
You are too injured to fight recklessly!
You are too injured to fight recklessly!
Okay, then.
You don't know any spells.
Okay, then.
Unknown command.
Aiming: Mindburst
Press: ? - help, Shift-Dir - straight line, f - troll
Aim: a troll (lightly wounded, chance to affect: 64%)
The troll's mind is blasted!
The troll bites you! The troll misses you. The troll claws you.
* * * LOW HITPOINT WARNING * * *
Unknown command.
Unknown command.
You barely miss the troll.
The troll is heavily wounded.
The troll bites you.
* * * LOW HITPOINT WARNING * * *
The troll closely misses you. The troll claws you but does no damage.
You thump the troll! You freeze the troll.
The troll is severely wounded.
You block the troll's attack. The troll closely misses you.
The troll claws you but does no damage.
You sock the troll! You freeze the troll.
The troll is almost dead.
The troll barely misses you. The troll claws you!
You die...

....~~≈≈≈⌠≈≈≈~~............#.#..#
♣...~~≈≈8≈8≈≈~~......†..#....#...
....~~~≈≈≈≈≈~~~.........#.....#..
♣...~~~~≈≈≈~~~~........#.........
....~~~~~~~~~~~.......#..##...##.
♣...8~~~~~~~~~8.....###..#...#..#
...................###..#.......#
♣....................#.##......#.
................@......#.........
♣.♣.♣.♣.♣.♣.♣.♣.T.....##.........
....... .............##.........
♣..... ............####........
...## ####...#.....# ##...>...
...# #.........## ###..... ###
#..........### ###... #
#=...........#### ###. ##
#...............#### ##


You could see a troll.

Vanquished Creatures
  Grinder (D:3)
  Sigmund (D:3)
  Eustachio (D:5)
  Edmund (D:4)
  2 phantoms (D:5)
  A bullfrog (D:4)
  A howler monkey (D:4)
  2 orc priests (D:5)
  4 hounds
  Crazy Yiuf (D:4)
  2 orc wizards
  7 adders
  4 gnolls
  A shadow imp (D:5)
  A white imp (D:4)
  4 ufetubi (D:5)
  2 worms
  3 dart slugs
  2 orcs (D:3)
  7 endoplasms
  5 goblins
  7 hobgoblins
  6 jackals (D:1)
  4 quokkas
  9 ball pythons
  2 bats
  3 frilled lizards
  7 kobolds
  9 rats
100 creatures vanquished.

Notes
Turn   | Place    | Note
-------+----------+-------------------------------------------
     0 | D:1      | mattiecakes the Gargoyle Fighter began the quest for the
                  | Orb.
     0 | D:1      | Reached XP level 1. HP: 14/14 MP: 1/1
    72 | D:1      | Reached skill level 2 in Axes
   129 | D:1      | Reached XP level 2. HP: 12/19 MP: 2/2
   491 | D:1      | Reached skill level 3 in Axes
   522 | D:1      | Reached XP level 3. HP: 23/23 MP: 3/3
   831 | D:2      | Identified the +9 mace of the Histrionic God {freeze, rC+
                  | rN+ Will- Str+3}
  1220 | D:2      | Reached XP level 4. HP: 27/28 MP: 4/4
  1379 | D:3      | Found a hide-covered altar of Uskayaw.
  1381 | D:3      | Noticed Grinder
  1399 | D:3      | Killed Grinder
  1400 | D:3      | Reached skill level 5 in Axes
  1400 | D:3      | Reached XP level 5. HP: 9/32 MP: 5/5
  1400 | D:3      | Reached XP level 6. HP: 11/37 MP: 6/6
  1614 | D:3      | Noticed Sigmund
  1646 | D:3      | Killed Sigmund
  1647 | D:3      | Reached skill level 6 in Axes
  1647 | D:3      | Reached XP level 7. HP: 30/41 MP: 7/7
  2347 | D:4      | Reached skill level 7 in Axes
  2419 | D:4      | Noticed Edmund
  2425 | D:4      | Found a broken altar of Ashenzari.
  2425 | D:4      | Found a sacrificial altar of Ru.
  2790 | D:4      | Found a radiant altar of Vehumet.
  2847 | D:5      | Entered Level 5 of the Dungeon
  3037 | D:5      | Found an ornate altar of the Wu Jian Council.
  3077 | D:5      | Found Buurgh's Assorted Antiques.
  3078 | D:5      | Found Putisuna's Distillery.
  3086 | D:5      | Bought a potion of heal wounds for 50 gold pieces
  3086 | D:5      | Bought a potion of curing for 30 gold pieces
  3086 | D:5      | Bought a potion of curing for 30 gold pieces
  3089 | D:5      | Noticed a troll
  3273 | D:5      | Noticed Eustachio
  3281 | D:5      | Killed Eustachio
  3282 | D:5      | Reached XP level 8. HP: 48/48 MP: 8/8
  3400 | D:5      | Reached skill level 8 in Axes
  3620 | D:5      | Found a staircase to the Ecumenical Temple.
  3639 | Temple   | Entered the Ecumenical Temple
  3662 | Temple   | Became a worshipper of the Shining One
  3736 | D:4      | Killed Edmund
  3900 | D:4      | Found a runed translucent door.
  3901 | D:4      | Noticed Crazy Yiuf
  3907 | D:4      | Killed Crazy Yiuf
  3908 | D:4      | Reached skill level 1 in Invocations
  3911 | D:4      | Identified the +5 hammer of the Solstice {freeze, rC+ rN+
                  | Int-3 SInv}
  4045 | D:5      | Slain by a troll

Illustrated notes

Levels and vault maps discovered:
D:1:      dpeg_arrival_pits, layout_basic
D:2:      layout_basic
D:3:      layout_basic, mainiacjoe_overflow_catwalk, uniq_sigmund, uniq_grinder
D:4:      layout_cave_pools, grunt_temple_overflow_open, uniq_edmund,
          uniq_crazy_yiuf_cottage
D:5:      layout_cave_pods, minmay_temple_entry_mini_moons, serial_park,
          serial_park_square1 [serial_park_minivault_5x5_8],
          serial_park_fountain, serial_park_square1
          [serial_park_minivault_5x5_4], corexii_leaking_fountain,
          nicolae_wooded_promenade, uniq_eustachio
Temple:   nicolae_temple_no_exploring_needed

Skill      XL: |  1  2  3  4  5  6  7  8 |
---------------+-------------------------+-----
Axes           | 2 3 5 6 7 8 |  8.2
Fighting       | 4 |  4.5
Armour         | 4 |  4.5
Shields        | 4 |  4.5
Invocations    | 1 |  1.0
Maces & Flails | |  0.2

Action                     |  1- 3 |  4- 6 |  7- 9 || total
---------------------------+-------+-------+-------++-------
  Melee: War axe           |   113 |    66 |   150 ||   329
         Mace              |       |       |    11 ||    11
  Evoke: Wand              |       |       |     6 ||     6
    Use: Potion            |       |     4 |     4 ||     8
         Scroll            |       |       |    12 ||    12
 Armour: Scale mail        |    71 |    52 |    71 ||   194
         Skin              |       |     5 |       ||     5
         Chain mail        |       |       |   143 ||   143
  Dodge: Dodged            |    61 |    33 |   101 ||   195
  Block: Buckler           |    36 |    10 |    53 ||    99

Table legend: (Time is in decaauts)
 A = Elapsed time spent in this place.
 B = Non-inter-level travel time spent in this place.
 C = Inter-level travel time spent in this place.
 D = Time resting spent in this place.
 E = Time spent auto-exploring this place.
 F = Levels seen in this place.
 G = Mean time per level.
                   A        B        C        D        E       F      G
               +--------+--------+--------+--------+--------+-----+--------+
         Total |   4131 |   3982 |    149 |    474 |   2490 |   6 |  688.5 |
       Dungeon |   4100 |   3958 |    142 |    474 |   2490 |   5 |  820.0 |
        Temple |     30 |     23 |      7 |      0 |      0 |   1 |   30.0 |
               +--------+--------+--------+--------+--------+-----+--------+

Top non-repeatable levels by time:
     D:3: 1070 daAuts
     D:5: 939 daAuts
     D:1: 831 daAuts
     D:4: 664 daAuts
     D:2: 594 daAuts
  Temple: 30 daAuts
